AoeStats
← Reis

Lombardia

507792885Analyzed
4v4 RM · 13d ago on Sep 19, 2026· 35m 19s· 8 players
Game mode
Random Map
Map size
Large (8 player)
Population
200
Speed
Normal
Resources
Standard
Victory
Conquest
Starting age
Dark Age
Ending age
Imperial Age
RankedLock teamsTeams togetherTeam positionsShared explorationLock speedFull tech treeHidden civsTurbo modeCheats
Victory
Defeat
🇷🇺 Lithuanians · Russia
1509
+11
🇷🇺 Tatars · Russia
1491
+12
🇨🇴 Hindustanis · Colombia
1463
+13
🇺🇸 Slavs · United States
1456
+13
🇪🇸 Tatars · Spain
1464
-16
🇮🇳 Franks · India
1424
-13
🇨🇭 Bulgarians · Switzerland
1343
-10
🇮🇳 Mapuche · India
1338
-10
Rosa Luxemburg
9:01 Loom
10:49 Feudal Age
15:22 Castle Age
13:30 Double-Bit Axe
13:59 Fletching
17:24 Bodkin Arrow
23:43 Bow Saw
29:28 Bloodlines
29:18 Husbandry
30:20 Ballistics
31:50 Padded Archer Armor
35:30 Gold Mining
Maverick
11:26 Feudal Age
10:53 Loom
18:27 Castle Age
18:00 Double-Bit Axe
26:18 Scale Barding Armor
29:24 Wheelbarrow
30:51 Chain Barding Armor
31:45 Husbandry
33:01 Bow Saw
37:30 Imperial Age
35:17 Stone Mining
35:43 Forging
Reis
11:25 Feudal Age
15:19 Castle Age
14:49 Loom
15:34 Double-Bit Axe
22:51 Bow Saw
22:56 Horse Collar
25:34 Wheelbarrow
26:01 Husbandry
26:23 Scale Barding Armor
28:39 Bloodlines
29:59 Hand Cart
33:10 Imperial Age
31:18 Forging
31:45 Heavy Plow
32:32 Iron Casting
32:54 Chain Barding Armor
32:59 Scale Mail Armor
33:02 Squires
33:03 Gold Mining
RockAxe2
8:25 Loom
11:13 Feudal Age
15:07 Castle Age
13:20 Horse Collar
13:52 Double-Bit Axe
16:07 Bow Saw
17:37 Town Watch
18:32 Wheelbarrow
18:36 Fletching
21:29 Ballistics
23:11 Town Watch
23:36 Heavy Plow
24:31 Bodkin Arrow
24:37 Padded Archer Armor
29:15 Hand Cart
30:15 Leather Archer Armor
30:57 Town Patrol
31:16 Champi Runner
34:35 Gold Mining
34:36 Stone Mining
timby1101
3:18 Loom
8:43 Loom
10:46 Feudal Age
12:07 Double-Bit Axe
15:26 Castle Age
13:45 Horse Collar
14:08 Fletching
15:22 Gold Mining
16:35 Bodkin Arrow
17:18 Bow Saw
22:31 Padded Archer Armor
22:56 Husbandry
24:06 Heavy Plow
25:17 Bloodlines
28:46 Wheelbarrow
28:44 Leather Archer Armor
28:32 Town Watch
30:44 Hand Cart
32:11 Ballistics
35:13 Imperial Age
32:50 Stone Mining
33:36 Gold Shaft Mining
mikeymazko
10:50 Feudal Age
14:40 Castle Age
14:16 Double-Bit Axe
14:14 Horse Collar
15:50 Bow Saw
16:36 Loom
19:42 Wheelbarrow
20:03 Heavy Plow
24:18 Hand Cart
23:51 Town Watch
30:20 Gold Mining
30:22 Stone Mining
33:50 Imperial Age
32:05 Scale Barding Armor
32:11 Forging
34:04 Chain Barding Armor
34:20 Iron Casting
34:03 Bloodlines
33:54 Husbandry
34:14 Detinets
34:42 Padded Archer Armor
34:07 Elite Boyar
35:08 Conscription
34:10 Capped Ram
34:58 Siege Engineers
35:55 Two-Man Saw
35:26 Crop Rotation
35:34 Plate Barding Armor
35:36 Iron Casting
MegaNoob
8:49 Feudal Age
8:29 Loom
9:22 Double-Bit Axe
10:29 Horse Collar
18:41 Castle Age
16:55 Gold Mining
19:00 Bloodlines
18:56 Scale Barding Armor
19:25 Husbandry
19:50 Bow Saw
21:45 Wheelbarrow
22:57 Fervor
23:10 Heavy Plow
24:12 Town Watch
26:35 Hand Cart
26:53 Sanctity
29:51 Chain Barding Armor
31:30 Forging
31:14 Stone Mining
35:36 Imperial Age
34:00 Iron Casting
33:07 Treadmill Crane
34:41 Ballistics
34:12 Fletching
[GDL] turbojj
11:01 Feudal Age
14:41 Castle Age
12:32 Double-Bit Axe
13:13 Horse Collar
15:45 Bow Saw
20:02 Loom
20:03 Town Watch
20:54 Wheelbarrow
21:29 Heavy Plow
24:15 Gold Mining
25:17 Scale Barding Armor
25:23 Forging
28:26 Imperial Age
26:16 Hand Cart
25:47 Town Watch
26:02 Stone Mining
27:58 Chain Barding Armor
28:14 Iron Casting
28:38 Bloodlines
28:29 Husbandry
28:31 Heavy Camel Rider
29:47 Plate Barding Armor
30:46 Two-Man Saw
30:39 Imperial Camel Rider
34:47 Blast Furnace
35:11 Grand Trunk Road
35:32 Conscription
35:32 Siege Engineers
36:31 Chemistry
Connection lost

Rejoining the realm…

Still unreachable

The connection could not be restored.

Session expired

The server has moved on; the page needs a fresh start.